 Dungeon Crawl Stone Soup version 0.17.0-15-g6d90897 (webtiles) character file.

230420 McCoppin the Imperceptible (level 18, -1/84 HPs)
             Began as a Felid Monk on Nov 7, 2015.
             Was the Champion of Dithmenos.
             Slain by a tentacled monstrosity (4 damage)
             ... on level 5 of the Abyss on Nov 10, 2015.
             The game lasted 05:10:10 (57435 turns).

McCoppin the Imperceptible (Felid Monk)            Turns: 57435, Time: 05:10:13

Health: -1/84      AC:  3    Str:  4 (5)  XL:     18   Next: 33%
Magic:  0/23       EV: 43    Int:  9 (11) God:    Dithmenos [******]
Gold:   1405       SH:  0    Dex: 27      Spells: 0 memorised, 17 levels left
                                        Lives:  0   Deaths: 5

rFire  . . .     SeeInvis +       - Unarmed
rCold  + . .     Clarity  .     (armour unavailable)
rNeg   + + +     SustAt   +     (shield unavailable)
rPois  ∞         Gourm    .     (helmet unavailable)
rElec  +         Spirit   +     (cloak unavailable)
rCorr  .         Warding  .     (gloves unavailable)
rMut   .         Stasis   .     (boots unavailable)
MR     +++++                    T - amulet of Yqiphy {Spirit +Inv rElec rN+ Str-2}
Stlth  ++++++++++               L - ring of sustain attributes
                                N - +3 ring of evasion

@: about to teleport, shadow-form, wreathed by umbra, constricted, drained,
invisible, quick, immune to hostile enchantments, uncannily stealthy
A: no armour, no weapons or thrown items, claws 1, fangs 3, repulsion field 1,
see invisible, carnivore 3, deterioration 2, speed 1, low mp 1, mutation
resistance 1, shaggy fur 3, slow metabolism 1, no device heal 1, MP-powered
wands, sharp paws
a: End Transformation, Shadow Step, Shadow Form, Renounce Religion, Evoke
Invisibility
}: 2/15 runes: serpentine, barnacled


You were on level 5 of the Abyss.
You worshipped Dithmenos.
Dithmenos was exalted by your worship.
You were full.
You were a swirling mass of dark shadows.
You visited 8 branches of the dungeon, and saw 40 of its levels.
You visited the Abyss 1 time.
You visited 2 bazaars.
You also visited: Labyrinth, Bailey and Ice Cave.

You collected 4495 gold pieces.
You spent 3090 gold pieces at shops.

Inventory:

Jewellery
 e - a +4 ring of strength
 f - an uncursed amulet of resist mutation
 i - the amulet "Daxtaeh" {+Rage rF+}
   (You found it on level 8 of the Lair of Beasts)

   [amulet of rage]

   It protects you from fire.
   It lets you go berserk.
 p - an uncursed amulet of resist corrosion
 y - an uncursed ring of protection from cold
 A - a +3 ring of strength
 C - an uncursed ring of stealth
 E - an uncursed ring of protection from fire
 L - a ring of sustain attributes (right paw)
 N - a +3 ring of evasion (left paw)
 P - an uncursed ring of flight
 T - the amulet of Yqiphy (around neck) {Spirit +Inv rElec rN+ Str-2}
   (You found it on level 7 of the Lair of Beasts)

   [amulet of guardian spirit]

   It causes incoming damage to be split between your health and magic.
   It affects your strength (-2).
   It insulates you from electricity.
   It protects you from negative energy.
   It lets you turn invisible.
 U - the amulet of the Four Winds {Clar rN+ MR+++}
   (You found it on level 3 of the Vaults)

   [amulet of clarity]

   It provides mental clarity.
   It protects you from negative energy.
   It affects your resistance to hostile enchantments.
 W - an uncursed ring of protection from magic
 Z - an uncursed ring of poison resistance
Wands
 u - a wand of draining (9)
 v - a wand of polymorph (9)
 w - a wand of heal wounds (0)
 z - a wand of disintegration (11)
 H - a wand of confusion (33)
 M - a wand of digging (16)
 O - a wand of slowing (32)
 S - a wand of teleportation (0)
 X - a wand of enslavement (7)
Scrolls
 j - 13 scrolls of remove curse
 l - 4 scrolls of identify
 t - 4 scrolls of noise
 x - 5 scrolls of amnesia
 B - a scroll of torment
 F - a scroll of magic mapping
 I - a scroll of silence
 J - 7 scrolls of fog
 Y - a scroll of holy word
Potions
 b - 7 potions of agility
 c - 3 potions of resistance
 d - 2 potions of invisibility
 g - 7 potions of might
 h - 2 potions of lignification
 m - 8 potions of flight
 q - a potion of curing
 r - 5 potions of haste
 D - 2 potions of magic
 G - 4 potions of brilliance
 K - 2 potions of cancellation
 Q - a potion of ambrosia
Miscellaneous
 R - a sack of spiders {used: 1}
 V - a fan of gales (inert)
Comestibles
 a - 11 meat rations
 k - 14 slices of pizza
 o - 13 beef jerkies
 s - a royal jelly


   Skills:
 - Level 12.0(11.0) Fighting
 + Level 21.5(20.3) Dodging
 - Level 24.2(23.0) Stealth
 - Level 18.6(17.5) Unarmed Combat
 - Level 10.0(9.1) Invocations
 - Level 10.0(9.1) Evocations


You had 17 spell levels left.
You didn't know any spells.

Dungeon Overview and Level Annotations

Branches:
Dungeon (15/15)            Temple (1/1) D:4            Lair (8/8) D:10
 Shoals (4/4) Lair:5        Snake (4/4) Lair:4        Slime (0/6) Lair:8
    Orc (4/4) D:11            Elf (0/3) Orc:3        Vaults (3/5) D:14
  Crypt (0/3) Vaults:2     Depths (1/5) D:15

Altars:
Cheibriados
Dithmenos
Elyvilon
Fedhas
Kikubaaqudgha
Nemelex Xobeh
Okawaru
Qazlal
Ru
Sif Muna
Trog
Vehumet
Xom
Yredelemnul
Zin
The Shining One
Lugonu

Shops:
D:4 :   Orc:4 :*?*   Shoals:2 (?*[   Shoals:4 (   Vaults:1 *   Vaults:2 (

Portals:
Abyss: Depths:1

Annotations:
Lair:6 exclusion: oklob plant
Vaults:2 emiel's ghost, adept MiEn


Innate Abilities, Weirdness & Mutations

You cannot wear armour.
You are incapable of wielding weapons or throwing items.
You have sharp claws.
You have razor-sharp teeth.
You have supernaturally acute eyesight.
You are carnivorous and can eat meat at any time.
You cover ground quickly.
Your thick and shaggy fur keeps you warm (AC +3, rC+).
You have a slow metabolism.
Your sharp claws are effective at attacking unaware monsters.
You are surrounded by a mild repulsion field (EV +2).
Your body often deteriorates upon taking damage.
Your magical capacity is low (-10% MP).
You are somewhat resistant to further mutation.
Potions and wands are less effective at restoring your health.
You expend magic power (3 MP) to strengthen your wands.


Message History

A fierce wind blows from the fan.
The chaos spawn is blown away by the wind.
The winds coalesce and take form.
The tentacled monstrosity barely misses you.
The tentacled monstrosity tentacle-slaps you!
* * * LOW HITPOINT WARNING * * *
You emit a cloud of dark smoke.
You feel drained.
The tentacled monstrosity completely misses you.
* * * LOW HITPOINT WARNING * * *
You emit a cloud of dark smoke.
You feel drained.
The tentacled monstrosity constricts you!
Unknown command.
Read which item? (? for menu, Esc to quit)
As you read the scroll of fear, it crumbles to dust.
You assume a fearsome visage.
The tentacled monstrosity is unaffected.
The chaos spawn is unaffected.
The tentacled monstrosity completely misses you. x2
The tentacled monstrosity tentacle-slaps you!
You die...

##.#..
###.#. # #
##### ...#.
§# .# ## . .
# ### #
#.#.. §###.
. #..##.## #
## #..# #
###§§#§#..##
#.. .. #
#.§§EX#..#§
## .# .
#.#§W#.#.# #
## .#
#...3§###. #
. # .# #
#.## .#
#.... .# # .
# . ##e .#
#. .#. h #
#. . ..# ##
#. h X ## 3#


You could see a tentacled monstrosity, a chaos spawn and a friendly air
elemental.

Vanquished Creatures
  Saint Roka (Orc:4)
  Nikola (Shoals:2)
  A lich (Vaults:3)
  A kraken (Shoals:2)
  Polyphemus (Shoals:2)
  2 greater nagas
  Ilsuiw (Shoals:4)
  Wiglaf (Snake:3)
  A fire giant (Vaults:3)
  Maud (D:14)
  Aizul (Shoals:2)
  A deep elf sorcerer (Vaults:1)
  9 vault wardens
  A frost giant (Vaults:3)
  2 stone giants
  6 ironheart preservers
  Nessos (D:14)
  A deep elf annihilator (Vaults:1)
  Azrael (Orc:4)
  2 salamander stormcallers
  An eidolon (Abyss:5)
  A minotaur (Lab)
  6 merfolk impalers
  3 merfolk javelineers (Shoals:4)
  Erolcha (Orc:1)
  2 great orbs of eyes
  7 vault guards
  7 yaktaur captains
  A fire dragon (Vaults:2)
  Harold (Orc:1)
  5 naga warriors
  7 anacondas
  10 hydras
  An ice dragon (Vaults:1)
  4 catoblepae
  Erica (D:11)
  3 merfolk aquamancers
  2 alligator snapping turtles
  3 satyrs
  5 ogre magi
  8 centaur warriors
  A tengu warrior (Depths:1)
  21 death yaks
  10 naga sharpshooters
  Urug (D:10)
  A deep elf knight (Bailey)
  3 thrashing horrors (Abyss:5)
  2 shock serpents (Snake:3)
  Nergalle (Orc:3)
  A shadow wraith (Vaults:1)
  A giant orange brain (Vaults:2)
  13 skeletal warriors
  An unseen horror (Vaults:1)
  7 sea snakes
  2 salamander mystics
  4 naga ritualists
  5 hill giants
  A necromancer (Vaults:2)
  Pikel (D:6)
  16 harpies
  2 wizards
  10 ironbrand convokers
  11 mana vipers
  2 wolf spiders (Vaults:3)
  6 manticores
  A fire giant zombie (Vaults:2)
  10 salamanders
  A tengu skeleton (Vaults:2)
  A large abomination (Abyss:5)
  9 orc knights
  A water nymph (Shoals:4)
  9 sirens
  24 ugly things
  10 fauns
  4 oklob plants (Lair:6)
  2 orc sorcerers
  8 cyclopes
  A hornet (Vaults:3)
  18 griffons
  9 vault sentinels
  Maurice (Orc:3)
  2 gargoyles
  16 naga magi
  21 black mambas
  A frost giant skeleton (Vaults:2)
  2 guardian serpents
  An ice statue (IceCv)
  An octopode (shapeshifter) (D:15)
  A stone giant skeleton (Vaults:2)
  A torpor snail (Lair:6)
  15 spiny frogs
  An eye of devastation (Lair:8)
  A human zombie (Vaults:3)
  5 kobold demonologists
  2 fire drakes
  9 komodo dragons
  5 deep elf priests
  2 ancient zymes (Abyss:5)
  A yaktaur skeleton (Vaults:2)
  25 yaktaurs
  A jumping spider (shapeshifter) (Vaults:1)
  A queen bee (Lair:3)
  23 merfolk
  A wind drake (shapeshifter) (Vaults:2)
  12 polar bears (IceCv)
  6 trolls
  A wind drake (Shoals:1)
  A blink frog (shapeshifter) (Vaults:3)
  Prince Ribbit (D:7)
  4 raiju (Abyss:5)
  17 two-headed ogres
  5 blink frogs (Lair:8)
  3 boulder beetles
  6 freezing wraiths
  An ettin zombie (Vaults:2)
  A trapdoor spider (D:13)
  6 snapping turtles
  22 slime creatures
  A stone giant simulacrum (Vaults:2)
  A flying skull (Abyss:5)
  A shadow (D:15)
  10 water elementals
  A human (shapeshifter) (Vaults:3)
  7 deep elf magi
  7 deep elf fighters
  4 wraiths
  7 wyverns
  4 fire elementals (Orc:4)
  2 chaos spawn (Abyss:5)
  2 steam dragons
  54 yaks
  21 wolves
  12 hippogriffs
  A hungry ghost (D:15)
  2 mottled dragons
  4 wargs
  3 soldier ants
  6 hell hounds
  14 vampire mosquitoes
  Duvessa (D:7)
  18 water moccasins
  35 nagas
  47 orc warriors
  7 porcupines
  7 sky beasts
  10 ice beasts
  3 black bears
  A slave (D:6)
  26 ogres
  9 big kobolds
  4 boggarts (Vaults:2)
  A phantom (D:11)
  3 wasps
  17 crocodiles
  14 giant frogs
  A brain worm (D:13)
  20 centaurs
  6 human skeletons (Vaults:2)
  Dowan (D:7)
  2 wyvern skeletons (D:10)
  A scorpion (D:8)
  29 killer bees
  3 quasits
  An electric eel (Lair:6)
  2 giant frog zombies
  3 jellies
  6 crimson imps
  A vampire bat (Orc:4)
  12 wights
  5 centaur zombies
  5 centaur skeletons
  17 orc priests
  3 giant frog skeletons
  8 hounds
  4 iguanas
  2 hell rats (Lair:4)
  26 orc wizards
  A boulder beetle simulacrum (Vaults:2)
  8 worker ants
  24 sheep
  A hound zombie (D:5)
  A hound skeleton (D:11)
  2 worker ant zombies
  14 gnolls
  42 river rats
  12 adders
  A shadow imp (D:6)
  3 adder skeletons
  2 worms
  3 giant geckos
  146 orcs
  10 giant cockroaches
  12 goblins
  6 hobgoblins
  6 jackals
  14 kobolds
  3 quokkas
  5 ball pythons
  18 bats
  3 giant newts
  2 jackal skeletons
  8 rats
  3 plants (Lair:6)
1446 creatures vanquished.

Vanquished Creatures (collateral kills)
  A vault warden (Vaults:3)
  A vault guard (Vaults:3)
2 creatures vanquished.

Vanquished Creatures (others)
  A vault warden (Vaults:2)
  A yaktaur captain (Vaults:2)
  Josephine (Orc:4)
  A merfolk aquamancer (Shoals:1)
  A death yak (IceCv)
  5 yaktaurs
  6 polar bears (IceCv)
  A golden eye (Abyss:5)
  A warg (Orc:4)
  A small abomination (Abyss:5)
  A sheep (D:13)
  2 orcs
  A kobold (Vaults:2)
  14 fungi
  A lurking horror (Abyss:5)
  17 plants
  2 starspawn tentacles (Abyss:3)
57 creatures vanquished.

Grand Total: 1505 creatures vanquished

Notes
Turn   | Place    | Note
--------------------------------------------------------------
     0 | D:1      | McCoppin the Felid Monk began the quest for the Orb.
     0 | D:1      | Reached XP level 1. HP: 10/10 MP: 2/2
   288 | D:1      | Reached XP level 2. HP: 14/14 MP: 3/3
   919 | D:2      | Reached skill level 5 in Stealth
   919 | D:2      | Reached XP level 3. HP: 12/17 MP: 4/4
  1235 | D:2      | Found a sparkling altar of Nemelex Xobeh.
  1914 | D:3      | Reached skill level 6 in Stealth
  1914 | D:3      | Reached XP level 4. HP: 21/21 MP: 5/5
  2026 | D:3      | Found a blossoming altar of Fedhas.
  2051 | D:3      | Reached skill level 7 in Stealth
  2409 | D:3      | Found a faded altar to an unknown god.
  2413 | D:3      | Found a sacrificial altar of Ru.
  2414 | D:3      | Found a glowing silver altar of Zin.
  2440 | D:3      | Became a worshipper of Elyvilon the Healer
  2440 | D:3      | Reached * piety under Elyvilon
  2440 | D:3      | Reached ** piety under Elyvilon
  2511 | D:3      | Found a white marble altar of Elyvilon.
  2649 | D:3      | Noticed a moth of wrath
  2652 | D:3      | Found a bloodstained altar of Trog.
  2833 | D:4      | Found a staircase to the Ecumenical Temple.
  2858 | D:4      | Reached *** piety under Elyvilon
  2881 | Temple   | Entered the Ecumenical Temple
  2896 | Temple   | Fell from the grace of Elyvilon
  2896 | Temple   | Became a worshipper of Dithmenos the Shadowed
  3027 | D:4      | Reached XP level 5. HP: 24/24 MP: 6/6
  3156 | D:4      | Found Xato Leka's Book Emporium.
  3254 | D:4      | Reached skill level 8 in Stealth
  3334 | D:5      | Entered Level 5 of the Dungeon
  3437 | D:5      | Noticed an ogre
  3443 | D:5      | Killed an ogre
  3443 | D:5      | Reached skill level 9 in Stealth
  3443 | D:5      | Gained mutation: You are covered in thick fur (AC +2). [Felid growth]
  3443 | D:5      | Reached XP level 6. HP: 26/28 MP: 7/7
  3514 | D:5      | Found a stormy altar of Qazlal.
  3517 | D:5      | Noticed a water elemental
  3517 | D:5      | Noticed an air elemental
  3517 | D:5      | Noticed a fire elemental
  3701 | D:5      | Noticed an ice beast
  4099 | D:5      | Killed an ice beast
  4099 | D:5      | Reached skill level 10 in Stealth
  4428 | D:5      | Noticed an ice beast
  4437 | D:5      | Slain by an ice beast
  4438 | D:5      | Reached XP level 5. HP: 0/24 MP: 6/6
  4462 | D:6      | Reached XP level 6. HP: 28/28 MP: 7/7
  4887 | D:6      | Noticed an orc warrior
  4977 | D:6      | Killed an orc warrior
  5342 | D:6      | Reached skill level 5 in Unarmed Combat
  5342 | D:6      | Reached XP level 7. HP: 24/32 MP: 8/8
  5375 | D:6      | Noticed a slave
  5376 | D:6      | Noticed a slave
  5429 | D:6      | Noticed Pikel
  5429 | D:6      | Noticed a slave
  5430 | D:6      | Noticed a slave
  5447 | D:6      | Killed a slave
  5450 | D:6      | Killed Pikel
  5450 | D:6      | Reached skill level 5 in Fighting
  5450 | D:6      | Reached XP level 8. HP: 36/38 MP: 9/9
  5688 | D:6      | Reached * piety under Dithmenos
  6289 | D:7      | Found an ancient bone altar of Kikubaaqudgha.
  6348 | D:7      | Noticed Dowan
  6350 | D:7      | Noticed Duvessa
  6354 | D:7      | Killed Dowan
  6400 | D:7      | Killed Duvessa
  6563 | D:7      | Noticed Prince Ribbit
  6815 | D:7      | Killed Prince Ribbit
  6815 | D:7      | Reached XP level 9. HP: 43/43 MP: 10/10
  7054 | D:8      | Found a glowing golden altar of the Shining One.
  7408 | D:8      | Gained mutation: You have a pair of small horns on your head. [mutagenic meat]
  7409 | D:8      | Gained mutation: You are somewhat resistant to further mutation. [mutagenic meat]
  7410 | D:8      | Gained mutation: You are robust (+10% HP). [mutagenic meat]
  7540 | D:8      | Reached ** piety under Dithmenos
  7843 | D:8      | Slain by an orc warrior
  7844 | D:8      | Reached XP level 8. HP: -1/44 MP: 9/9
  7992 | D:9      | Reached skill level 10 in Unarmed Combat
  8134 | D:9      | Reached skill level 5 in Dodging
  8139 | D:9      | Gained mutation: Potions and wands are less effective at restoring your health. [mutagenic meat]
  8390 | D:9      | Reached XP level 9. HP: 48/48 MP: 10/10
  8569 | D:10     | Entered Level 10 of the Dungeon
  8569 | D:10     | Found a staircase to the Lair.
  8733 | D:10     | Noticed a gargoyle
  8755 | D:10     | Killed a gargoyle
  8783 | D:10     | Noticed a hill giant
  8795 | D:10     | Killed a hill giant
  8802 | D:10     | Noticed a kobold demonologist
  8804 | D:10     | Noticed a death yak
  8975 | D:10     | Found a corrupted altar of Lugonu.
  9017 | D:10     | Noticed Urug
  9062 | D:10     | Killed Urug
  9062 | D:10     | Reached skill level 10 in Dodging
  9062 | D:10     | Reached XP level 10. HP: 34/52 MP: 11/11
  9401 | D:10     | Reached skill level 11 in Dodging
  9611 | D:10     | Noticed a sixfirhy
  9611 | D:10     | Killed a kobold demonologist
  9730 | D:10     | Killed a death yak
  9730 | D:10     | Reached skill level 12 in Dodging
  9852 | D:10     | Noticed a kobold demonologist
  9912 | D:10     | Killed a kobold demonologist
 10061 | Lair:1   | Entered Level 1 of the Lair of Beasts
 10472 | Lair:2   | Reached skill level 13 in Dodging
 10810 | Lair:3   | Reached *** piety under Dithmenos
 11280 | Lair:2   | Reached skill level 14 in Dodging
 11354 | Lair:2   | Reached XP level 11. HP: 56/56 MP: 12/12
 11910 | Lair:3   | Reached skill level 15 in Dodging
 12234 | Lair:3   | Noticed a seven-headed hydra
 12946 | Lair:4   | Gained mutation: Your thick and shaggy fur keeps you warm (AC +3, rC+). [Felid growth]
 12946 | Lair:4   | Reached XP level 12. HP: 62/66 MP: 13/13
 13045 | Lair:4   | Reached **** piety under Dithmenos
 13105 | Lair:4   | Noticed a lindwurm
 13286 | Lair:4   | Noticed a seven-headed hydra
 13315 | Lair:4   | Noticed a lindwurm
 13406 | Lair:4   | Noticed an eight-headed hydra
 13420 | Lair:4   | Noticed a lindwurm
 13433 | Lair:4   | Killed an eight-headed hydra
 13766 | Lair:4   | Killed a seven-headed hydra
 14071 | Lair:4   | Found a staircase to the Snake Pit.
 14413 | Lair:5   | Found a frozen archway.
 14447 | Lair:5   | Reached skill level 15 in Stealth
 14564 | IceCv    | Entered an ice cave
 14585 | IceCv    | Reached XP level 13. HP: 38/70 MP: 14/14
 15193 | IceCv    | Reached skill level 16 in Stealth
 15512 | IceCv    | Reached skill level 17 in Stealth
 15653 | IceCv    | Noticed a frost giant
 17132 | Lair:5   | Noticed a six-headed hydra
 17792 | Lair:5   | Killed a six-headed hydra
 17792 | Lair:5   | Reached ***** piety under Dithmenos
 18359 | Lair:5   | Reached skill level 18 in Stealth
 18367 | Lair:5   | Found a staircase to the Shoals.
 18637 | Lair:6   | Slain by an eight-headed hydra
 18638 | Lair:6   | Reached XP level 12. HP: -1/67 MP: 13/13
 18646 | Lair:6   | Found a labyrinth entrance.
 18674 | Lab      | Entered a labyrinth
 18897 | Lab      | Noticed a minotaur
 18915 | Lab      | Killed a minotaur
 18920 | Lab      | Identified the Almanac of the Oath
 18923 | Lab      | Identified the Almanac of Talismans
 19145 | Lair:6   | Reached skill level 19 in Stealth
 19505 | Lair:6   | Reached XP level 13. HP: 41/70 MP: 14/14
 20258 | Lair:6   | Reached skill level 20 in Stealth
 20299 | Lair:6   | Got a dazzling trident
 20300 | Lair:6   | Identified the +7 trident "Napream" {freeze, rPois Dex+3} (You found it on level 6 of the Lair of Beasts)
 20421 | Lair:7   | Got a pair of scorched boots
 21066 | Lair:7   | Got a serpentine bronze amulet
 21648 | Lair:8   | Entered Level 8 of the Lair of Beasts
 21677 | Lair:8   | Found a staircase to the Slime Pits.
 22014 | Lair:8   | HP: 3/105 [four-headed hydra (9)]
 22792 | Lair:8   | Got a fine jade amulet
 22798 | Lair:8   | Identified the amulet "Daxtaeh" {+Rage rF+} (You found it on level 8 of the Lair of Beasts)
 22800 | Lair:8   | Identified the amulet of Yqiphy {Spirit +Inv rElec rN+ Str-2} (You found it on level 7 of the Lair of Beasts)
 22860 | Lair:8   | Reached skill level 1 in Evocations
 22860 | Lair:8   | Reached XP level 14. HP: 27/75 MP: 2/16
 23562 | Lair:8   | Reached skill level 5 in Evocations
 24255 | D:11     | Found a staircase to the Orcish Mines.
 24358 | D:11     | Noticed Erica
 24372 | D:11     | Killed Erica
 24569 | D:11     | Lost mutation: You have a pair of small horns on your head. [mutagenic meat]
 24761 | D:11     | Reached skill level 1 in Invocations
 25655 | D:12     | Found a flickering gateway to a bazaar.
 25661 | Bazaar   | Entered a bazaar
 25661 | Bazaar   | Found Qovina's Weapon Emporium.
 25662 | Bazaar   | Found Ytous's Distillery.
 25670 | Bazaar   | Found Ihiol's Book Emporium.
 25700 | Bazaar   | Found Tufibire's Book Shop.
 25732 | Bazaar   | Identified a scroll of acquirement
 25739 | Bazaar   | Bought a potion of might for 52 gold pieces
 25739 | Bazaar   | Bought a potion of haste for 130 gold pieces
 25739 | Bazaar   | Bought a potion of might for 52 gold pieces
 25739 | Bazaar   | Bought a potion of haste for 130 gold pieces
 25739 | Bazaar   | Bought a potion of agility for 52 gold pieces
 26991 | D:13     | Reached skill level 5 in Invocations
 27385 | D:13     | Identified the cursed +0 pair of boots of Fun {rC++ Int+3} (You found it on level 7 of the Lair of Beasts)
 28656 | D:14     | Noticed Nessos
 28664 | D:14     | Killed Nessos
 28676 | D:14     | Found a shimmering altar of Xom.
 28677 | D:14     | Found a shimmering altar of Xom.
 28678 | D:14     | Found a shimmering altar of Xom.
 28678 | D:14     | Found a shimmering altar of Xom.
 28679 | D:14     | Found a shimmering altar of Xom.
 28680 | D:14     | Found a shimmering altar of Xom.
 28680 | D:14     | Found a shimmering altar of Xom.
 28680 | D:14     | Found a shimmering altar of Xom.
 28798 | D:14     | Found a gate to the Vaults.
 28859 | D:14     | Noticed Maud
 28862 | D:14     | Killed Maud
 29034 | D:14     | Reached ****** piety under Dithmenos
 29049 | D:14     | Found a radiant altar of Vehumet.
 29170 | D:15     | Entered Level 15 of the Dungeon
 29471 | D:15     | Reached XP level 15. HP: 79/79 MP: 22/22
 29684 | D:15     | Gained mutation: You are weak. (Str -2) [mutagenic meat]
 29919 | D:15     | Reached skill level 10 in Invocations
 29922 | D:15     | Found a staircase to the Depths.
 30328 | Orc:1    | Entered Level 1 of the Orcish Mines
 30329 | Orc:1    | Found a flagged portal.
 30359 | Bailey   | Entered a bailey
 30524 | Orc:1    | Noticed Harold
 30537 | Orc:1    | Killed Harold
 30783 | Orc:1    | Noticed Erolcha
 30790 | Orc:1    | Killed Erolcha
 30884 | Orc:1    | Found a radiant altar of Vehumet.
 31460 | Orc:3    | Noticed Nergalle
 31469 | Orc:3    | Killed Nergalle
 31501 | Orc:3    | Noticed Maurice
 31508 | Orc:3    | Killed Maurice
 31508 | Orc:3    | Reached skill level 21 in Stealth
 31733 | Orc:3    | Found a staircase to the Elven Halls.
 32074 | Orc:4    | Entered Level 4 of the Orcish Mines
 32264 | Orc:4    | Noticed Azrael
 32280 | Orc:4    | Killed Azrael
 32496 | Orc:4    | Noticed Josephine
 32523 | Orc:4    | Killed Josephine
 32715 | Orc:4    | Found Cufotten's General Store.
 32715 | Orc:4    | Found Pinkuett's Magic Scroll Shop.
 32738 | Orc:4    | Found Luiqy's Book Shoppe.
 32743 | Orc:4    | Found Wypnul's General Store.
 33073 | Orc:4    | Found a radiant altar of Vehumet.
 33095 | Orc:4    | Noticed Saint Roka
 33252 | Orc:4    | Killed Saint Roka
 33252 | Orc:4    | Reached skill level 22 in Stealth
 33741 | Snake:1  | Entered Level 1 of the Snake Pit
 33870 | Snake:1  | Slain by a naga warrior
 33871 | Snake:1  | Reached XP level 14. HP: -1/75 MP: 0/22
 33890 | Snake:1  | Upgraded the game from 0.17.0-1-g61d176b to 0.17.0-7-gfadd4cc
 34086 | Shoals:1 | Entered Level 1 of the Shoals
 34092 | Shoals:1 | Found a flickering gateway to a bazaar.
 34102 | Bazaar   | Entered a bazaar
 34106 | Bazaar   | Found Voxary's Gadget Boutique.
 34124 | Bazaar   | Found Votutyok's Weapon Shoppe.
 34142 | Bazaar   | Found Qishaq Duulu's Magic Scroll Boutique.
 34159 | Bazaar   | Found Yveidgh's Antique Weapon Emporium.
 34213 | Bazaar   | Bought a scroll of fog for 18 gold pieces
 34213 | Bazaar   | Bought a scroll of identify for 18 gold pieces
 34213 | Bazaar   | Bought a scroll of recharging for 85 gold pieces
 34213 | Bazaar   | Bought 3 scrolls of identify for 54 gold pieces
 34213 | Bazaar   | Bought a scroll of teleportation for 27 gold pieces
 34213 | Bazaar   | Bought a scroll of teleportation for 27 gold pieces
 34269 | Bazaar   | Bought a wand of digging (16) for 480 gold pieces
 34563 | Shoals:2 | Found Tixt's Armour Shoppe.
 34579 | Shoals:2 | Reached XP level 15. HP: 51/79 MP: 13/23
 34586 | Shoals:2 | Noticed Polyphemus
 34586 | Shoals:2 | Noticed Nikola
 34586 | Shoals:2 | Found Tazu's Assorted Antiques.
 34587 | Shoals:2 | Reached skill level 23 in Stealth
 34589 | Shoals:2 | Killed Polyphemus
 34591 | Shoals:2 | Killed Nikola
 34635 | Shoals:2 | Bought a scroll of identify for 56 gold pieces
 34635 | Shoals:2 | Bought a scroll of teleportation for 84 gold pieces
 34635 | Shoals:2 | Bought a scroll of identify for 56 gold pieces
 34635 | Shoals:2 | Bought a scroll of blinking for 210 gold pieces
 34846 | Shoals:2 | Noticed Aizul
 34848 | Shoals:2 | Killed Aizul
 34856 | Shoals:2 | Found Maturch's Antique Weapon Emporium.
 35159 | Shoals:1 | Reached skill level 24 in Stealth
 35528 | Shoals:1 | Got a smoking plate armour
 35887 | Shoals:1 | Identified the +8 plate armour "Waboc" {rF+} (You found it on level 1 of the Shoals)
 36089 | Shoals:2 | Noticed a kraken
 36099 | Shoals:2 | Found Japse's Food Shoppe.
 36100 | Shoals:2 | Killed a kraken
 36563 | Shoals:2 | Bought a meat ration for 70 gold pieces
 36563 | Shoals:2 | Bought a bread ration for 70 gold pieces
 36563 | Shoals:2 | Bought 3 fruits for 63 gold pieces
 36563 | Shoals:2 | Bought a bread ration for 70 gold pieces
 36563 | Shoals:2 | Bought a beef jerky for 21 gold pieces
 36563 | Shoals:2 | Bought a bread ration for 70 gold pieces
 36563 | Shoals:2 | Bought 5 fruits for 105 gold pieces
 36563 | Shoals:2 | Bought a meat ration for 70 gold pieces
 36563 | Shoals:2 | Bought a bread ration for 70 gold pieces
 36563 | Shoals:2 | Bought a beef jerky for 21 gold pieces
 36563 | Shoals:2 | Bought a bread ration for 70 gold pieces
 36563 | Shoals:2 | Bought 3 fruits for 63 gold pieces
 36563 | Shoals:2 | Bought a beef jerky for 21 gold pieces
 36563 | Shoals:2 | Bought a slice of pizza for 21 gold pieces
 36859 | Shoals:2 | Found Apuc's Magic Scroll Emporium.
 36868 | Shoals:2 | Bought a scroll of identify for 30 gold pieces
 36868 | Shoals:2 | Bought a scroll of recharging for 142 gold pieces
 36868 | Shoals:2 | Bought a scroll of blinking for 112 gold pieces
 36868 | Shoals:2 | Bought a scroll of blinking for 112 gold pieces
 36868 | Shoals:2 | Bought a scroll of silence for 112 gold pieces
 36868 | Shoals:2 | Bought a scroll of magic mapping for 52 gold pieces
 36868 | Shoals:2 | Bought a scroll of magic mapping for 52 gold pieces
 36868 | Shoals:2 | Bought a scroll of blinking for 112 gold pieces
 36868 | Shoals:2 | Bought a scroll of identify for 30 gold pieces
 37167 | Shoals:2 | Upgraded the game from 0.17.0-7-gfadd4cc to 0.17.0-9-g801d43b
 37287 | Shoals:4 | Entered Level 4 of the Shoals
 37442 | Shoals:4 | Noticed Ilsuiw
 37444 | Shoals:4 | Killed Ilsuiw
 37485 | Shoals:4 | Reached XP level 16. HP: 83/83 MP: 22/24
 38727 | Shoals:3 | Reached skill level 10 in Evocations
 39212 | Shoals:4 | Found Foeg's Antique Weapon Shoppe.
 39231 | Shoals:4 | Got a barnacled rune of Zot
 40026 | Vaults:1 | Entered Level 1 of the Vaults
 40619 | Snake:1  | Got a heavily jewelled robe
 40636 | Snake:1  | Identified the +0 robe of the Untouchables {-Cast rC+ Regen+} (You found it on level 1 of the Snake Pit)
 40950 | Snake:2  | Reached skill level 15 in Unarmed Combat
 41395 | Snake:3  | Noticed Wiglaf
 42391 | Snake:3  | Killed Wiglaf
 42417 | Snake:3  | HP: 4/124 [mana viper (18)]
 43272 | Snake:4  | Entered Level 4 of the Snake Pit
 44907 | Snake:4  | Reached XP level 17. HP: 54/86 MP: 17/25
 45669 | Snake:3  | HP: 4/86 [naga sharpshooter/bolt of penetration (21)]
 45670 | Snake:3  | Shot with a bolt of penetration by a naga sharpshooter
 45671 | Snake:3  | Reached XP level 16. HP: -1/83 MP: 24/24
 45671 | Snake:3  | Upgraded the game from 0.17.0-9-g801d43b to 0.17.0-15-g6d90897
 47394 | Snake:4  | Got a serpentine rune of Zot
 47876 | Depths:1 | Entered Level 1 of the Depths
 47899 | Depths:1 | Found a one-way gate to the infinite horrors of the Abyss.
 48563 | Vaults:1 | Found Ihideili's Assorted Antiques.
 50633 | Vaults:2 | Reached XP level 17. HP: 59/86 MP: 2/25
 50649 | Vaults:2 | Gained mutation: Your body sometimes deteriorates upon taking damage. [mutagenic meat]
 50650 | Vaults:2 | Lost mutation: You are weak. (Str -2) [mutagenic meat]
 50653 | Vaults:2 | Lost mutation: You are robust (+10% HP). [mutagenic meat]
 50654 | Vaults:2 | Gained mutation: You are surrounded by a mild repulsion field (EV +2). [mutagenic meat]
 51390 | Vaults:2 | Found Zaunn's Weapon Shoppe.
 52062 | Vaults:2 | Found a staircase to the Crypt.
 52408 | Vaults:2 | Gained mutation: Your magical capacity is low (-10% MP). [mutagenic glow]
 52448 | Vaults:1 | Gained mutation: Your body often deteriorates upon taking damage. [mutagenic glow]
 53162 | Vaults:3 | Paralysed by a great orb of eyes for 2 turns
 54090 | Vaults:3 | Reached XP level 18. HP: 48/84 MP: 22/23
 54766 | Vaults:2 | Noticed emiel's ghost (adept MiEn)
 55703 | Vaults:1 | Gained mutation: You expend magic power (3 MP) to strengthen your wands. [mutagenic glow]
 56164 | Depths:1 | Found a snail-covered altar of Cheibriados.
 56175 | Depths:1 | Voluntarily entered the Abyss.
 56429 | Abyss:4  | Found a corrupted altar of Lugonu.
 56453 | Abyss:5  | Entered Level 5 of the Abyss
 56453 | Abyss:5  | Found a corrupted altar of Lugonu.
 57434 | Abyss:5  | HP: 3/84 [tentacled monstrosity (4)]
 57435 | Abyss:5  | Slain by a tentacled monstrosity

Action                   |  1- 3 |  4- 6 |  7- 9 | 10-12 | 13-15 | 16-18 || total
-------------------------+-------+-------+-------+-------+-------+-------++-------
Melee: Unarmed           |    86 |   195 |   302 |   497 |  2080 |  1703 ||  4863
Invok: Heal Other        |       |     1 |       |       |       |       ||     1
       Shadow Step       |       |       |       |       |    13 |     2 ||    15
       Shadow Form       |       |       |       |       |       |     3 ||     3
 Abil: Evoke Invisibilit |       |       |       |       |    30 |    35 ||    65
       Evoke Flight      |       |       |       |       |    13 |     8 ||    21
       Evoke Berserk Rag |       |       |       |       |       |     4 ||     4
Evoke: Wand              |       |     1 |    13 |     8 |    15 |    30 ||    67
       Sack of spiders   |       |       |       |       |       |     1 ||     1
       Fan of gales      |       |       |       |       |       |     1 ||     1
  Use: Scroll            |     1 |     8 |    13 |    13 |    25 |    34 ||    94
       Potion            |       |     2 |     2 |     8 |    21 |    13 ||    46
 Stab: Sleeping          |    14 |    17 |    30 |    50 |   243 |    97 ||   451
       Distracted        |       |       |     3 |     6 |    28 |    30 ||    67
       Invisible         |       |       |       |       |    99 |   119 ||   218
       Confused          |       |       |       |       |       |     2 ||     2
       Held in net/web   |       |       |       |       |       |     2 ||     2
  Eat: Chunk             |     7 |     9 |    21 |    15 |    72 |    49 ||   173
       Meat ration       |       |       |       |       |     1 |     6 ||     7
